[Event "XII Paracin Festival 2019"]
[Site "Paracin"]
[Date "2019.07.08"]
[Round "4.14"]
[White "Sanal, Vahap"]
[Black "Dedebas, Emre Emin"]
[Result "1-0"]
[ECO "C65"]
[WhiteElo "2520"]
[BlackElo "2301"]
[Annotator "ChessBase"]
[PlyCount "53"]
[EventDate "2019.07.05"]
[EventType "swiss"]
[EventCountry "SRB"]
[SourceTitle "playchess.com"]
[Source "ChessBase"]
[SourceQuality "1"]
[TimeControl "5400+30"]

1. e4 e5 2. Nf3 Nc6 3. Bb5 Nf6 4. d3 Bc5 5. c3 d6 6. d4 exd4 7. cxd4 Bb4+ 8. Bd2 Bxd2+ 9. Nbxd2 O-O 10. Bxc6 bxc6 11. O-O Ba6 12. Re1 Nd7 13. Qa4 Bb7 14. Nb3 Nb6 15. Qb4 Rb8 16. Rac1 Qd7 17. Na5 Ba8 18. Qc3 c5 19. dxc5 Na4 20. c6 Nxc3 21. cxd7 Nxe4 22. Rxc7 Nf6 23. Rd1 Rxb2 24. Nd4 Rxa2 25. Nac6 Nxd7 26. Rxd7 g6 27. Rxa7 1-0

[Event "XII Paracin Festival 2019"]
[Site "Paracin"]
[Date "2019.07.08"]
[Round "4.16"]
[White "Boldoo, Erdenepurev"]
[Black "Lorparizangeneh, Shahin"]
[Result "0-1"]
[ECO "D31"]
[WhiteElo "2295"]
[BlackElo "2494"]
[Annotator "ChessBase"]
[PlyCount "50"]
[EventDate "2019.07.05"]
[EventType "swiss"]
[EventCountry "SRB"]
[SourceTitle "playchess.com"]
[Source "ChessBase"]
[SourceQuality "1"]
[TimeControl "5400+30"]

1. d4 d5 2. c4 e6 3. Nc3 Bb4 4. e3 Nf6 5. a3 Bxc3+ 6. bxc3 c6 7. Bd3 e5 8. dxe5 dxc4 9. exf6 cxd3 10. fxg7 Rg8 11. Qh5 Qf6 12. Bb2 Rxg7 13. Nf3 Rxg2 14. Qe5+ Qxe5 15. Nxe5 Bf5 16. Rd1 Nd7 17. Nxd3 Bg4 18. Rd2 Bf3 19. Kf1 O-O-O 20. Ne1 Rxf2+ 21. Rxf2 Bxh1 22. c4 Nb6 23. Rf4 f5 24. Rxf5 Nxc4 25. Bd4 Rxd4 0-1

[Event "XII Paracin Festival 2019"]
[Site "Paracin"]
[Date "2019.07.08"]
[Round "4.17"]
[White "Milanovic, Danilo"]
[Black "Stefansson, Vignir Vatnar"]
[Result "1/2-1/2"]
[ECO "A46"]
[WhiteElo "2492"]
[BlackElo "2293"]
[Annotator "ChessBase"]
[PlyCount "93"]
[EventDate "2019.07.05"]
[EventType "swiss"]
[EventCountry "SRB"]
[SourceTitle "playchess.com"]
[Source "ChessBase"]
[SourceQuality "1"]
[TimeControl "5400+30"]

1. d4 Nf6 2. Nf3 e6 3. Bg5 d5 4. e3 c5 5. c4 cxd4 6. exd4 Be7 7. Nc3 O-O 8. Bd3 dxc4 9. Bxc4 b6 10. O-O Bb7 11. Qe2 Nc6 12. Rad1 Nb4 13. Ne5 Nbd5 14. Rd3 g6 15. Bh6 Re8 16. Nxd5 Nxd5 17. Bb5 Nb4 18. Rg3 Qd5 19. Re1 Rec8 20. Bc4 Rxc4 21. Nxc4 Rc8 22. Ne3 Qe4 23. a3 Ba6 24. Qd2 Nd3 25. Rg4 Qb7 26. Rd1 f5 27. Rg3 f4 28. Rf3 fxe3 29. Rxe3 Bf8 30. Bxf8 Nf4 31. Rf3 Ne2+ 32. Kh1 Rxf8 33. Rxf8+ Kxf8 34. f3 Qd5 35. Qb4+ Kf7 36. Qa4 Bb7 37. Qxa7 e5 38. Re1 Nxd4 39. Qxb6 Bc6 40. Qc7+ Kf6 41. Qxh7 Nxf3 42. Rf1 Qc4 43. Qh8+ Kf7 44. Qh7+ Kf6 45. Rd1 Nd4 46. Qh8+ Kf5 47. Qf8+ 1/2-1/2

[Event "XII Paracin Festival 2019"]
[Site "Paracin"]
[Date "2019.07.08"]
[Round "4.18"]
[White "Peng, Xiongjian"]
[Black "Raghavi, N.."]
[Result "1-0"]
[ECO "A04"]
[WhiteElo "2467"]
[BlackElo "2290"]
[Annotator "ChessBase"]
[PlyCount "49"]
[EventDate "2019.07.05"]
[EventType "swiss"]
[EventCountry "SRB"]
[SourceTitle "playchess.com"]
[Source "ChessBase"]
[SourceQuality "1"]
[TimeControl "5400+30"]

1. Nf3 f5 2. e4 fxe4 3. Ng5 Nf6 4. d3 e3 5. Bxe3 e5 6. d4 exd4 7. Qxd4 d5 8. Nc3 Bg4 9. h3 Nc6 10. Bb5 Bd7 11. Qh4 a6 12. Bd3 Ne5 13. O-O-O Be7 14. Rhe1 h6 15. Nxd5 Nxd5 16. Qh5+ Kf8 17. Nh7+ Rxh7 18. Qxe5 Nf6 19. Bxh7 Nxh7 20. Bc5 Bxc5 21. Qxc5+ Kg8 22. Qd5+ Kh8 23. Qxd7 Qg5+ 24. Kb1 Rf8 25. Re8 1-0

[Event "XII Paracin Festival 2019"]
[Site "Paracin"]
[Date "2019.07.08"]
[Round "4.19"]
[White "Gan-Od, Sereenen"]
[Black "Pikula, Dejan"]
[Result "1-0"]
[ECO "A46"]
[WhiteElo "2294"]
[BlackElo "2447"]
[Annotator "NA"]
[PlyCount "165"]
[EventDate "2019.07.05"]
[EventType "swiss"]
[EventCountry "SRB"]
[SourceTitle "playchess.com"]
[Source "ChessBase"]
[SourceQuality "1"]
[TimeControl "5400+30"]

1. d4 Nf6 2. Nf3 e6 3. Bf4 c5 4. c3 d5 5. e3 Bd6 6. Bg3 Qc7 7. Nbd2 Nbd7 8. Bd3 O-O 9. O-O e5 10. dxe5 Nxe5 11. Nxe5 Bxe5 12. Qa4 Bxg3 13. hxg3 Bd7 14. Qh4 Rfe8 15. Rfe1 h6 16. e4 Bc6 17. exd5 Bxd5 18. Bc4 Qc6 19. Rxe8+ Rxe8 20. Bf1 Qb6 21. b4 cxb4 22. Qxb4 Qxb4 23. cxb4 Rc8 24. a3 Rc2 25. Nf3 a6 26. Rd1 Ra2 27. Nd4 g6 28. Rd3 Bc4 29. Rf3 Ra1 30. Rxf6 Kg7 31. Rf4 Bxf1 32. Nb3 Re1 33. Kh2 Bb5 34. Nd4 Ba4 35. Rf3 Ra1 36. Re3 Ra2 37. Kg1 Ra1+ 38. Kh2 Rd1 39. Nf3 Bd7 40. Ne5 Be6 41. Nd3 b6 42. Nf4 Bd7 43. Rc3 Kf6 44. f3 g5 45. Nh5+ Kg6 46. g4 f5 47. Ng3 fxg4 48. fxg4 Rd4 49. Rc7 a5 50. Rb7 Bxg4 51. Rxb6+ Kg7 52. bxa5 h5 53. Rb4 Rd5 54. Rb7+ Kg6 55. Rb6+ Kg7 56. a6 Ra5 57. Ne4 Be2 58. Rb7+ Kg6 59. a7 h4 60. Nc3 Bc4 61. Rb4 Rxa7 62. Rxc4 Rxa3 63. Rc6+ Kf5 64. Rc5+ Kf4 65. Ne2+ Kg4 66. Ng1 Rg3 67. Nf3 Kh5 68. Rc8 Kh6 69. Rc6+ Kh5 70. Ne5 Re3 71. Nf7 Re7 72. Rf6 Kg4 73. Nh6+ Kh5 74. Nf5 Re2 75. Nd4 Re5 76. Nf3 Re4 77. Rf5 Rg4 78. Ra5 Kh6 79. Ra6+ Kh5 80. Ra8 Kh6 81. Rg8 Rg3 82. Ne5 Kh7 83. Rg6 1-0

[Event "XII Paracin Festival 2019"]
[Site "Paracin"]
[Date "2019.07.08"]
[Round "4.20"]
[White "Cabarkapa, Novak"]
[Black "Ivanovic, Marko"]
[Result "1-0"]
[ECO "A01"]
[WhiteElo "2444"]
[BlackElo "2267"]
[Annotator "NA"]
[PlyCount "55"]
[EventDate "2019.07.05"]
[EventType "swiss"]
[EventCountry "SRB"]
[SourceTitle "playchess.com"]
[Source "ChessBase"]
[SourceQuality "1"]
[TimeControl "5400+30"]

1. b3 Nf6 2. Bb2 g6 3. c4 Bg7 4. g3 c5 5. Bg2 Nc6 6. e3 d6 7. Ne2 Bg4 8. h3 Bd7 9. d4 cxd4 10. exd4 Qc8 11. Qd2 O-O 12. d5 Nb8 13. Nf4 b5 14. cxb5 Bxb5 15. Na3 Ba6 16. Ne2 Nbd7 17. Rc1 Nc5 18. O-O Qd7 19. Nc4 Rfc8 20. Nd4 Rc7 21. Rfe1 h5 22. Nc6 Re8 23. Bd4 Bb5 24. b4 Na4 25. Na3 Nxd5 26. Bxg7 Bxc6 27. Qh6 f6 28. Qxg6 1-0

[Event "XII Paracin Festival 2019"]
[Site "Paracin"]
[Date "2019.07.08"]
[Round "4.21"]
[White "Martic, Zlatko"]
[Black "Froewis, Georg"]
[Result "0-1"]
[ECO "D31"]
[WhiteElo "2283"]
[BlackElo "2434"]
[Annotator "NA"]
[PlyCount "60"]
[EventDate "2019.07.05"]
[EventType "swiss"]
[EventCountry "SRB"]
[SourceTitle "playchess.com"]
[Source "ChessBase"]
[SourceQuality "1"]
[TimeControl "5400+30"]

1. d4 d5 2. c4 e6 3. Nc3 c6 4. e4 dxe4 5. Nxe4 Bb4+ 6. Bd2 Qxd4 7. Bxb4 Qxe4+ 8. Be2 Na6 9. Ba5 b6 10. Qd6 Bd7 11. Bc3 f6 12. O-O-O O-O-O 13. Qa3 Kb7 14. c5 Nc7 15. Rd4 Qf5 16. Ra4 Qxc5 17. b4 Qxf2 18. Rxa7+ Kb8 19. Nf3 Qe3+ 20. Kb1 Qxe2 21. Bd4 Qe4+ 22. Ka1 c5 23. Rxc7 Kxc7 24. bxc5 Ra8 25. cxb6+ Kb7 26. Qd6 Qc6 27. Qb4 Ne7 28. Qxe7 Rxa2+ 29. Kxa2 Qc2+ 30. Ka3 Ra8+ 0-1

[Event "XII Paracin Festival 2019"]
[Site "Paracin"]
[Date "2019.07.08"]
[Round "4.22"]
[White "Radovanovic, Nikola"]
[Black "Tadic, Stefan"]
[Result "1/2-1/2"]
[ECO "A43"]
[WhiteElo "2431"]
[BlackElo "2262"]
[Annotator "NA"]
[PlyCount "99"]
[EventDate "2019.07.05"]
[EventType "swiss"]
[EventCountry "SRB"]
[SourceTitle "playchess.com"]
[Source "ChessBase"]
[SourceQuality "1"]
[TimeControl "5400+30"]

1. d4 Nf6 2. Nf3 c5 3. d5 b5 4. c3 Bb7 5. e4 Nxe4 6. Bxb5 Nf6 7. c4 a6 8. Ba4 e6 9. Nc3 Qb6 10. O-O Be7 11. Bg5 O-O 12. Re1 h6 13. Bh4 Bd8 14. Bc2 exd5 15. Bxf6 Bxf6 16. Qd3 g6 17. Nxd5 Qd6 18. Rad1 Bxd5 19. cxd5 a5 20. Nd2 Bd4 21. Ne4 Qb6 22. h4 Na6 23. Bb1 Nb4 24. Qg3 Rae8 25. Nd6 Rxe1+ 26. Rxe1 c4 27. Nxc4 Qc5 28. b3 Qxd5 29. Be4 Qe6 30. Re2 d5 31. Bf3 Qf6 32. Nd6 Nd3 33. Nb5 Be5 34. Qg4 Nf4 35. Re1 h5 36. Qg5 Qxg5 37. hxg5 Bg7 38. g3 Nh3+ 39. Kg2 Nxg5 40. Bxd5 Rd8 41. Bc4 Rd2 42. a4 Bf8 43. Re2 Rxe2 44. Bxe2 Ne4 45. Bf3 Nc5 46. Bd5 Nd3 47. Bc4 Ne5 48. Bd5 Nd3 49. Bc4 Ne5 50. Bd5 1/2-1/2

[Event "XII Paracin Festival 2019"]
[Site "Paracin"]
[Date "2019.07.08"]
[Round "4.23"]
[White "Ratkovic, Miloje"]
[Black "Strugnell, Carl"]
[Result "1-0"]
[ECO "A05"]
[WhiteElo "2416"]
[BlackElo "2248"]
[Annotator "NA"]
[PlyCount "59"]
[EventDate "2019.07.05"]
[EventType "swiss"]
[EventCountry "SRB"]
[SourceTitle "playchess.com"]
[Source "ChessBase"]
[SourceQuality "1"]
[TimeControl "5400+30"]

1. Nf3 Nf6 2. e3 b6 3. d4 Bb7 4. Bd3 e6 5. O-O c5 6. c4 cxd4 7. exd4 d5 8. cxd5 Nxd5 9. Ne5 a6 10. Nc3 Nd7 11. f4 g6 12. Qe2 Be7 13. Nxd5 Bxd5 14. Bxa6 O-O 15. Bb5 Nf6 16. f5 exf5 17. Bh6 Bd6 18. Bxf8 Qxf8 19. Bc4 Ra5 20. Rac1 Qh6 21. b4 Bxc4 22. Rxc4 Rd5 23. h3 b5 24. Rc8+ Kg7 25. Ra8 Rxd4 26. Nxf7 Kxf7 27. Ra7+ Kf8 28. Qe6 Bh2+ 29. Kxh2 Ng4+ 30. Kh1 1-0

[Event "XII Paracin Festival 2019"]
[Site "Paracin"]
[Date "2019.07.08"]
[Round "4.24"]
[White "Gadimbayli, Abdulla"]
[Black "Ozsoy, Alimert"]
[Result "1-0"]
[ECO "B19"]
[WhiteElo "2414"]
[BlackElo "2087"]
[Annotator "NA"]
[PlyCount "51"]
[EventDate "2019.07.05"]
[EventType "swiss"]
[EventCountry "SRB"]
[SourceTitle "playchess.com"]
[Source "ChessBase"]
[SourceQuality "1"]
[TimeControl "5400+30"]

1. e4 c6 2. d4 d5 3. Nc3 dxe4 4. Nxe4 Bf5 5. Ng3 Bg6 6. h4 h6 7. Nf3 Nd7 8. h5 Bh7 9. Bd3 Bxd3 10. Qxd3 e6 11. Bd2 Ngf6 12. O-O-O Be7 13. Ne4 O-O 14. Nxf6+ Nxf6 15. Kb1 Qc7 16. Qe2 Rad8 17. g4 c5 18. g5 hxg5 19. Bxg5 cxd4 20. Rdg1 Qb6 21. Bh6 Ba3 22. b3 Nd5 23. Rxg7+ Kh8 24. Qe5 f6 25. Qg3 Rg8 26. Qg6 1-0

[Event "XII Paracin Festival 2019"]
[Site "Paracin"]
[Date "2019.07.08"]
[Round "4.25"]
[White "Saksham Rautela"]
[Black "Djordjevic, Vuk"]
[Result "0-1"]
[ECO "C03"]
[WhiteElo "2232"]
[BlackElo "2412"]
[Annotator "NA"]
[PlyCount "140"]
[EventDate "2019.07.05"]
[EventType "swiss"]
[EventCountry "SRB"]
[SourceTitle "playchess.com"]
[Source "ChessBase"]
[SourceQuality "1"]
[TimeControl "5400+30"]

1. e4 e6 2. d4 d5 3. Nd2 Be7 4. Ngf3 Nf6 5. e5 Nfd7 6. Bd3 c5 7. c3 b6 8. Ne4 Ba6 9. Bxa6 Nxa6 10. Nd6+ Bxd6 11. exd6 Nab8 12. O-O O-O 13. Bf4 Nf6 14. Ne5 Ne4 15. c4 f6 16. Nf3 g5 17. Be3 Qxd6 18. cxd5 exd5 19. dxc5 bxc5 20. Qc2 Nd7 21. Rfd1 Qe6 22. b4 cxb4 23. Nd4 Qf7 24. Nf5 Kh8 25. Qb3 Nc3 26. Rd2 a5 27. Bd4 Ne4 28. Re2 Ndc5 29. Bxc5 Nxc5 30. Qh3 Qg6 31. Ne7 Qg7 32. Nf5 g4 33. Qe3 Qg5 34. Qxc5 Qxf5 35. Rd2 Rfc8 36. Qxd5 Qxd5 37. Rxd5 Kg7 38. h3 gxh3 39. gxh3 Rc2 40. Rb5 Rb2 41. Kg2 a4 42. Rc1 b3 43. axb3 a3 44. Rd5 a2 45. Rdd1 Rxb3 46. Ra1 Rb2 47. Kf3 Ra3+ 48. Kg2 Ra5 49. h4 Kg6 50. Kg3 Rab5 51. Rd7 Ra5 52. Rdd1 Ra3+ 53. f3 Ra4 54. Rdc1 Ra5 55. Rd1 Kf5 56. Re1 Ra8 57. Rac1 Rab8 58. Rc5+ Kg6 59. Ra1 Ra8 60. Rcc1 Kf7 61. Re1 Rg8+ 62. Kf4 Rb4+ 63. Re4 Rxe4+ 64. Kxe4 Ra8 65. Kf5 Ra5+ 66. Kf4 Kg6 67. Kg3 Kf5 68. Kg2 Kf4 69. Kf2 Ra8 70. Kg2 Ra3 0-1

[Event "XII Paracin Festival 2019"]
[Site "Paracin"]
[Date "2019.07.08"]
[Round "4.26"]
[White "Nandhidhaa, P V"]
[Black "Arsovic, Zoran"]
[Result "1-0"]
[ECO "B56"]
[WhiteElo "2259"]
[BlackElo "2398"]
[Annotator "NA"]
[PlyCount "83"]
[EventDate "2019.07.05"]
[EventType "swiss"]
[EventCountry "SRB"]
[SourceTitle "playchess.com"]
[Source "ChessBase"]
[SourceQuality "1"]
[TimeControl "5400+30"]

1. e4 c5 2. Nf3 d6 3. d4 cxd4 4. Nxd4 Nf6 5. Nc3 Nc6 6. f3 e5 7. Nb3 Be7 8. Be3 Be6 9. Nd5 Bxd5 10. exd5 Nb4 11. c4 a5 12. Qd2 b6 13. Be2 O-O 14. O-O Nh5 15. Nc1 Na6 16. Nd3 Nc5 17. b3 f5 18. f4 Nxf4 19. Nxf4 exf4 20. Bxf4 Bf6 21. Rad1 Ne4 22. Qc2 Qc7 23. Bd3 Rae8 24. Kh1 Qc5 25. g4 Bd4 26. Kg2 Nc3 27. Rde1 Rxe1 28. Rxe1 b5 29. gxf5 bxc4 30. bxc4 Rb8 31. Kh1 Qa3 32. f6 Bxf6 33. Bxh7+ Kh8 34. Bg6 Nxd5 35. Qe2 Ne7 36. Qh5+ Kg8 37. Rxe7 Rb1+ 38. Bxb1 Bxe7 39. Qe8+ Bf8 40. Qe6+ Kh8 41. Qf5 Kg8 42. Be4 1-0

[Event "XII Paracin Festival 2019"]
[Site "Paracin"]
[Date "2019.07.08"]
[Round "4.27"]
[White "Manish Anto Cristiano F"]
[Black "Martic, Ivan"]
[Result "0-1"]
[ECO "B81"]
[WhiteElo "2208"]
[BlackElo "2392"]
[Annotator "NA"]
[PlyCount "82"]
[EventDate "2019.07.05"]
[EventType "swiss"]
[EventCountry "SRB"]
[SourceTitle "playchess.com"]
[Source "ChessBase"]
[SourceQuality "1"]
[TimeControl "5400+30"]

1. e4 c5 2. Nf3 e6 3. d4 cxd4 4. Nxd4 Nf6 5. Nc3 d6 6. g4 e5 7. Bb5+ Bd7 8. Nf5 Bxb5 9. Nxb5 Qa5+ 10. Nc3 Nxe4 11. Bd2 Nxc3 12. Bxc3 Qc5 13. Qf3 Qc6 14. Ke2 Qxf3+ 15. Kxf3 Nc6 16. Rhd1 O-O-O 17. Rd5 f6 18. Rad1 Kc7 19. R5d3 h5 20. h3 hxg4+ 21. hxg4 Rh3+ 22. Ng3 Rd7 23. a4 g6 24. Kg2 Rh4 25. f3 Rdh7 26. Rh1 Rxh1 27. Nxh1 Kd7 28. Be1 Ke6 29. c4 f5 30. gxf5+ gxf5 31. Nf2 Be7 32. Bc3 Bh4 33. b4 Bxf2 34. Kxf2 Rh2+ 35. Ke1 f4 36. b5 Ne7 37. Bb4 Nf5 38. c5 dxc5 39. Bxc5 b6 40. Bf2 Rh1+ 41. Kd2 Ra1 0-1

[Event "XII Paracin Festival 2019"]
[Site "Paracin"]
[Date "2019.07.08"]
[Round "4.28"]
[White "Dimitrijevic, Nenad"]
[Black "Lee, Jun Hyeok"]
[Result "0-1"]
[ECO "C55"]
[WhiteElo "2150"]
[BlackElo "2383"]
[Annotator "NA"]
[PlyCount "56"]
[EventDate "2019.07.05"]
[EventType "swiss"]
[EventCountry "SRB"]
[SourceTitle "playchess.com"]
[Source "ChessBase"]
[SourceQuality "1"]
[TimeControl "5400+30"]

1. e4 e5 2. Nf3 Nc6 3. Bc4 Nf6 4. d3 h6 5. a3 d6 6. Nc3 g6 7. Nd5 Bg7 8. Nxf6+ Qxf6 9. h3 Qe7 10. Bd2 O-O 11. Qe2 Kh7 12. g4 a5 13. O-O-O Nd8 14. Rdg1 c6 15. h4 b5 16. Ba2 Be6 17. Bxe6 Nxe6 18. h5 g5 19. Be3 a4 20. Qd2 Rfb8 21. d4 b4 22. axb4 a3 23. Kb1 exd4 24. Nxd4 axb2 25. c3 Nxd4 26. Bxd4 Qxe4+ 27. Kxb2 Rxb4+ 28. cxb4 Bxd4+ 0-1

[Event "XII Paracin Festival 2019"]
[Site "Paracin"]
[Date "2019.07.08"]
[Round "4.29"]
[White "Risteski, Emil"]
[Black "Nie, Xinyang"]
[Result "1-0"]
[ECO "C00"]
[WhiteElo "2150"]
[BlackElo "2375"]
[Annotator "NA"]
[PlyCount "77"]
[EventDate "2019.07.05"]
[EventType "swiss"]
[EventCountry "SRB"]
[SourceTitle "playchess.com"]
[Source "ChessBase"]
[SourceQuality "1"]
[TimeControl "5400+30"]

1. e4 a6 2. d4 e6 3. Nf3 d5 4. Nbd2 Nf6 5. Bd3 c5 6. exd5 exd5 7. dxc5 Bxc5 8. Nb3 Be7 9. h3 O-O 10. O-O Nc6 11. c3 Be6 12. Nbd4 Re8 13. Bf4 g6 14. Re1 Bf8 15. Qd2 Nh5 16. Bh2 Qc8 17. Re2 Bd7 18. Rae1 Rd8 19. g4 Nf6 20. Bf4 h5 21. Bh6 hxg4 22. Nh4 Nh7 23. Nxg6 Nxd4 24. cxd4 fxg6 25. Bxg6 Qc6 26. Bxh7+ Kh8 27. Bxf8 Rxf8 28. Re5 Rf7 29. Rh5 Rxh7 30. Rxh7+ Kxh7 31. Re7+ Kg6 32. h4 Qf6 33. h5+ Kf5 34. Re5+ Qxe5 35. dxe5 Kxe5 36. Qg5+ Bf5 37. h6 Ke6 38. h7 Rh8 39. Qg8+ 1-0

[Event "XII Paracin Festival 2019"]
[Site "Paracin"]
[Date "2019.07.08"]
[Round "4.30"]
[White "Mammadov, Mustafa"]
[Black "Abramovic, Bosko"]
[Result "0-1"]
[ECO "D37"]
[WhiteElo "2005"]
[BlackElo "2373"]
[Annotator "NA"]
[PlyCount "96"]
[EventDate "2019.07.05"]
[EventType "swiss"]
[EventCountry "SRB"]
[SourceTitle "playchess.com"]
[Source "ChessBase"]
[SourceQuality "1"]
[TimeControl "5400+30"]

1. d4 Nf6 2. c4 e6 3. Nc3 d5 4. Nf3 Nbd7 5. Bf4 dxc4 6. e3 Nb6 7. Ne5 Nfd5 8. Nxc4 Nxf4 9. exf4 Nxc4 10. Bxc4 Bd6 11. Qd2 Bd7 12. O-O O-O 13. d5 e5 14. Ne4 exf4 15. Nxd6 cxd6 16. Qxf4 Qb6 17. b4 Rfe8 18. Bd3 Re5 19. Rfe1 Rae8 20. Rxe5 dxe5 21. Qh4 g6 22. Rc1 e4 23. Bf1 e3 24. Rc2 Bf5 25. Rb2 Be4 26. Qg5 Qd4 27. Re2 exf2+ 28. Rxf2 Bxd5 29. Qd2 Re4 30. a3 Be6 31. Qxd4 Rxd4 32. Rf3 Rd2 33. h3 Ra2 34. Rc3 b6 35. Re3 Kg7 36. Be2 Rb2 37. Kf2 Bc4 38. Kf3 Bxe2+ 39. Rxe2 Rxe2 40. Kxe2 f5 41. Ke3 g5 42. Kd4 Kf6 43. Kd5 h5 44. b5 h4 45. Kd6 f4 46. Kd5 Kf5 47. Kd4 g4 48. Kd3 f3 0-1

[Event "XII Paracin Festival 2019"]
[Site "Paracin"]
[Date "2019.07.09"]
[Round "5.1"]
[White "Bashirli, Nail"]
[Black "Avalyan, Artur"]
[Result "1-0"]
[ECO "C00"]
[WhiteElo "2367"]
[BlackElo "2351"]
[Annotator "NA"]
[PlyCount "71"]
[EventDate "2019.07.05"]
[EventType "swiss"]
[EventCountry "SRB"]
[SourceTitle "playchess.com"]
[Source "ChessBase"]
[SourceQuality "1"]
[TimeControl "5400+30"]

1. e4 e6 2. d3 d5 3. Qe2 Nf6 4. Nf3 Be7 5. g3 b5 6. Bg2 O-O 7. O-O c5 8. Re1 Nc6 9. a4 b4 10. Bg5 h6 11. Bf4 a5 12. Nbd2 Ba6 13. Ne5 Nxe5 14. Bxe5 Rc8 15. exd5 exd5 16. Nf3 Re8 17. Bh3 Ra8 18. Nh4 Ne4 19. Qg4 Bf6 20. Bxf6 Nxf6 21. Qf3 Bc8 22. Bxc8 Rxc8 23. Nf5 Rc6 24. Rxe8+ Qxe8 25. c3 Kh7 26. cxb4 axb4 27. Rc1 b3 28. Kg2 g6 29. Ne3 Qe5 30. Rc3 Ra6 31. Rxc5 Qxb2 32. Rc7 Kg7 33. Qf4 Qa1 34. Ng4 g5 35. Qf5 Rd6 36. Ne5 1-0

[Event "XII Paracin Festival 2019"]
[Site "Paracin"]
[Date "2019.07.09"]
[Round "5.2"]
[White "McPhillips, Joseph"]
[Black "Ivanisevic, Ivan"]
[Result "1/2-1/2"]
[ECO "A04"]
[WhiteElo "2412"]
[BlackElo "2612"]
[Annotator "RC"]
[PlyCount "153"]
[EventDate "2019.07.05"]
[EventType "swiss"]
[EventCountry "SRB"]
[SourceTitle "playchess.com"]
[Source "ChessBase"]
[SourceQuality "1"]
[TimeControl "5400+30"]

1. Nf3 c5 2. c4 Nc6 3. Nc3 g6 4. d4 cxd4 5. Nxd4 Bg7 6. Nb3 d6 7. c5 dxc5 8. Qxd8+ Kxd8 9. Nxc5 Nb4 10. Rb1 b6 11. N5a4 Bd7 12. a3 Nc2+ 13. Kd1 Nd4 14. b4 Nb5 15. Bb2 Nd6 16. e3 Nf6 17. Ba6 Bc8 18. Bd3 Ng4 19. Ke2 Bb7 20. Rhd1 Bc6 21. Nb5 Bxb2 22. Nxb2 Ne5 23. Nxd6 exd6 24. Nc4 Nxd3 25. Rxd3 Bb5 26. Rxd6+ Ke7 27. Rd4 Rhc8 28. Kd3 a5 29. Kc3 a4 30. Rbd1 Rc7 31. Re4+ Kf8 32. Rdd4 Rac8 33. h4 f6 34. g4 h6 35. g5 fxg5 36. hxg5 hxg5 37. Kd3 Kg7 38. Rg4 Kh6 39. Rge4 Kh5 40. Rg4 Rc6 41. Rge4 Rf6 42. Ke2 Rfc6 43. Kd3 Kh6 44. Rg4 R6c7 45. Rge4 Ba6 46. Rg4 Rf8 47. Rg2 Rf6 48. Rh2+ Kg7 49. Rg2 Rfc6 50. Rgg4 Kf7 51. Rge4 Kf6 52. Rg4 Bc8 53. Rd6+ Rxd6+ 54. Nxd6 Bxg4 55. Ne8+ Ke5 56. Nxc7 Bd7 57. Na8 Bb5+ 58. Kc3 Ke4 59. Kd2 g4 60. Nxb6 Kf3 61. Ke1 g3 62. fxg3 Kxg3 63. Nd5 Kf3 64. Kd2 g5 65. Nf6 Bf1 66. Ke1 Ba6 67. Kd2 Bb5 68. e4 Kf4 69. Nd5+ Kf3 70. e5 g4 71. e6 g3 72. Ne3 Ke4 73. e7 Be8 74. Ke2 Bb5+ 75. Kd2 Be8 76. Ke2 Bb5+ 77. Kd2 1/2-1/2

[Event "XII Paracin Festival 2019"]
[Site "Paracin"]
[Date "2019.07.09"]
[Round "5.3"]
[White "Korpa, Bence"]
[Black "Kosic, Dragan"]
[Result "1/2-1/2"]
[ECO "C00"]
[WhiteElo "2523"]
[BlackElo "2482"]
[Annotator "ChessBase"]
[PlyCount "111"]
[EventDate "2019.07.05"]
[EventType "swiss"]
[EventCountry "SRB"]
[SourceTitle "playchess.com"]
[Source "ChessBase"]
[SourceQuality "1"]
[TimeControl "5400+30"]

1. e4 e6 2. d3 d5 3. Nd2 c5 4. g3 Bd6 5. Bg2 Ne7 6. f4 Nbc6 7. Ngf3 O-O 8. O-O f6 9. Qe2 Bd7 10. c3 Qb6 11. Bh3 Rae8 12. exd5 Nxd5 13. Nc4 Qc7 14. Bd2 Nb6 15. Nxd6 Qxd6 16. Be3 Nd5 17. Bf2 b6 18. Nd2 e5 19. Nc4 Qc7 20. Bg2 Be6 21. fxe5 Nxe5 22. Nxe5 fxe5 23. d4 cxd4 24. cxd4 Bf7 25. Rac1 Qd6 26. dxe5 Rxe5 27. Qa6 Qe7 28. Rfe1 Nf6 29. Qb7 Rxe1+ 30. Rxe1 Qxb7 31. Bxb7 Bxa2 32. Ra1 Rf7 33. Bc8 Bd5 34. Re1 Rc7 35. Bf5 Kf7 36. Bd4 h6 37. Bd3 Be6 38. Be5 Rd7 39. Bb5 Rd5 40. Bf1 Rd2 41. Bc3 Rd7 42. Bb5 Rc7 43. Bd3 Bd5 44. Bf5 Rc6 45. Bd3 a5 46. Bd4 Rd6 47. Be5 Re6 48. Bc3 Rxe1+ 49. Bxe1 Bc6 50. Bc3 a4 51. Bc4+ Ke7 52. Bb4+ Ke8 53. Bd3 Kf7 54. Bc4+ Ke8 55. Bd3 Kf7 56. Bc4+ 1/2-1/2

[Event "XII Paracin Festival 2019"]
[Site "Paracin"]
[Date "2019.07.09"]
[Round "5.4"]
[White "Janzelj, Tim"]
[Black "Vishnu Prasanna. V"]
[Result "1/2-1/2"]
[ECO "A04"]
[WhiteElo "2416"]
[BlackElo "2505"]
[Annotator "ChessBase"]
[PlyCount "78"]
[EventDate "2019.07.05"]
[EventType "swiss"]
[EventCountry "SRB"]
[SourceTitle "playchess.com"]
[Source "ChessBase"]
[SourceQuality "1"]
[TimeControl "5400+30"]

1. Nf3 c5 2. c4 Nc6 3. b3 e5 4. Bb2 d6 5. e3 g6 6. d4 exd4 7. exd4 Bg7 8. Qd2 cxd4 9. Na3 Bg4 10. Be2 Bxf3 11. Bxf3 Nge7 12. O-O O-O 13. Nc2 d5 14. c5 Nf5 15. Bg4 d3 16. Bxg7 Nxg7 17. Ne1 Qh4 18. Bh3 Nd4 19. Qxd3 Qe4 20. Rd1 Ne2+ 21. Kh1 Nf4 22. Qxe4 dxe4 23. Bd7 Rfd8 24. b4 a5 25. b5 Nge6 26. c6 bxc6 27. bxc6 Nc5 28. g3 Nfe6 29. Nc2 Nxd7 30. Rxd7 Rxd7 31. cxd7 Nc5 32. Rd1 Nd3 33. Kg2 Rd8 34. Ne1 Ne5 35. Rd5 f6 36. Rd4 f5 37. Rd5 Ng4 38. Nc2 Kf7 39. Nd4 Nf6 1/2-1/2

[Event "XII Paracin Festival 2019"]
[Site "Paracin"]
[Date "2019.07.09"]
[Round "5.5"]
[White "Ratkovic, Milovan"]
[Black "Asadli, Vugar"]
[Result "1-0"]
[ECO "A45"]
[WhiteElo "2407"]
[BlackElo "2502"]
[Annotator "ChessBase"]
[PlyCount "25"]
[EventDate "2019.07.05"]
[EventType "swiss"]
[EventCountry "SRB"]
[SourceTitle "playchess.com"]
[Source "ChessBase"]
[SourceQuality "1"]
[TimeControl "5400+30"]

1. d4 Nf6 2. Bg5 Ne4 3. h4 d5 4. Nd2 Nxg5 5. hxg5 c5 6. dxc5 e6 7. e4 Bxc5 8. Bb5+ Nc6 9. Qe2 a6 10. Bxc6+ bxc6 11. Ngf3 a5 12. exd5 cxd5 13. Qb5+ 1-0